 Dungeon Crawl Stone Soup version 0.27.1-2-g3b301248ec (webtiles) character file.

Game seed: 1752583125982767143

29 nxtlvl the Chopper (level 3, 0/46 HPs)
             Began as a Hill Orc Monk on Sept 25, 2021.
             Slain by an adder (1 damage)
             ... on level 4 of the Dungeon.
             The game lasted 00:04:12 (649 turns).

nxtlvl the Chopper (Hill Orc Monk)                   Turns: 649, Time: 00:04:12

Health: 0/46       AC: 21    Str: 13    XL:     3   Next: 16%
Magic:  3/3        EV:  2    Int: 10    God:
Gold:   42         SH:  0    Dex: 14    Spells: 2/2 levels left

rFire    . . .     SeeInvis .   a - +0 war axe
rCold    . . .     Faith    .   (no shield)
rNeg     + + +     Spirit   .   (armour currently unavailable)
rPois    +         Reflect  .   (helmet currently unavailable)
rElec    .         Harm     .   (cloak currently unavailable)
rCorr    .         Rampage  .   (gloves currently unavailable)
Will     .....     NoTele   +   (boots currently unavailable)
Stlth    ++........             (no amulet)
HPRegen  0.15/turn              (no ring)
MPRegen  0.08/turn              (no ring)

@: tree-form
A: stationary, stasis, torment immunity, boosted hp
a: no special abilities


You were on level 4 of the Dungeon.
You were a tree.
You visited 1 branch of the dungeon, and saw 4 of its levels.

You collected 42 gold pieces.

Inventory:

Hand Weapons
 a - a +0 war axe (weapon)
Missiles
 d - a throwing net (quivered)
 g - 14 bolts
Armour
 c - a +0 chain mail (melded)
Scrolls
 e - a scroll of enchant armour {unknown}
 h - a scroll of teleportation {unknown}
 i - a scroll of identify {unknown}
 j - a scroll of noise {unknown}
Potions
 b - a potion of lignification


   Skills:
 - Level 3.6 Fighting
 * Level 5.6 Axes
 - Level 2.4 Dodging
 - Level 1.5 Stealth


You had 2 spell levels left.
You didn't know any spells.
Your spell library was empty.

Dungeon Overview and Level Annotations

Branches:
Dungeon (4/15)
 Temple: D:4-7

Altars:
Dithmenos
Nemelex Xobeh
Wu Jian

Shops:
D:3 (


Message History

The adder bites you but does no damage.
You hit the adder but do no damage.
You feel sick. The adder bites you.
You are more poisoned.
The adder poisons you! The adder bites you.
You barely miss the adder.
You feel sick. The adder bites you but does no damage.
The adder barely misses you.
Your chain mail prevents you from hitting the adder.
You feel sick. The adder bites you but does no damage.
You miss the adder.
You feel sick. The adder bites you but does no damage.
The adder barely misses you.
You hit the adder.
The adder is moderately wounded.
You feel sick. The adder bites you but does no damage.
You hit the adder.
The adder is heavily wounded.
You feel sick.
You are no longer poisoned.
The adder bites you but does no damage. The adder bites you.
* * * LOW HITPOINT WARNING * * *
It was a potion of lignification.
You turn into a tree.
Your +0 chain mail melds into your body.
Your roots penetrate the ground.
The adder bites you but does no damage.
You barely miss the adder.
The adder is heavily wounded.
The adder bites you but does no damage. The adder bites you.
* * * LOW HITPOINT WARNING * * *
You hit the adder but do no damage.
The adder is heavily wounded.
The adder bites you but does no damage. The adder bites you.
* * * LOW HITPOINT WARNING * * *
You miss the adder.
The adder is heavily wounded.
The adder completely misses you.
You miss the adder.
The adder is heavily wounded.
The adder bites you.
* * * LOW HITPOINT WARNING * * *
The adder bites you but does no damage.
It was a potion of magic.
Magic courses through your body. The adder bites you.
You die...

#. #.#
#.################
#..................
#.#...#...#...#...#
#..........♣S......
#.#...#...#...#...#
#..................
#####.################
#......<....#
.......#####..#
##.##### #. #


You could see an adder.

Vanquished Creatures
  An adder (D:2)
  3 ball pythons
  4 endoplasms
  3 goblins
  A hobgoblin (D:1)
  A quokka (D:1)
  A bat (D:3)
  A frilled lizard (D:3)
  2 kobolds (D:3)
  A rat (D:2)
18 creatures vanquished.

Notes
Turn   | Place    | Note
-------+----------+-------------------------------------------
     0 | D:1      | nxtlvl the Hill Orc Monk began the quest for the Orb.
     0 | D:1      | Reached XP level 1. HP: 19/19 MP: 1/1
   150 | D:1      | Reached XP level 2. HP: 9/26 MP: 2/2
   270 | D:2      | Reached skill level 5 in Axes
   380 | D:3      | Found Xenitikk's Weapon Shoppe.
   413 | D:3      | Found an ornate altar of the Wu Jian Council.
   415 | D:3      | Found a shadowy altar of Dithmenos.
   416 | D:3      | Found a sparkling altar of Nemelex Xobeh.
   502 | D:2      | Reached XP level 3. HP: 19/31 MP: 3/3
   648 | D:4      | HP: 1/46 [adder (4)]
   649 | D:4      | Slain by an adder

Illustrated notes

Levels and vault maps discovered:
D:1:      arrival_zaba_pyramid, layout_basic, serial_shops, shop,
          wander_ebering_terrifying_dragon_lair
D:2:      layout_basic
D:3:      layout_loops_ring, mainiacjoe_overflow_boulevard,
          mainiacjoe_overflow_divided_tiny, serial_shops,
          nicolae_shop_temple_entry_statues_fountains, basic_ecumenical_altar
D:4:      minmay_chambers_of_fours, layout_loops_ring,
          lemuel_coloured_pillars_altar, minmay_temple_entry_fiery

Skill      XL: |  1  2 |
---------------+-------+-----
Axes           | 5 |  5.6
Fighting       | |  3.6
Dodging        | |  2.4
Stealth        | |  1.5

Action                   || total
-------------------------++-------
Melee: Hand axe          ||    53
       War axe           ||    14
  Use: Potion            ||     2
 Stab: Sleeping          ||     1
Armor: Leather armour    ||     8
       Chain mail        ||    12
       Skin              ||     4
Dodge: Dodged            ||    29
